 Dungeon Crawl Stone Soup version 0.27-a0-1196-g3e9cee4cb2 (webtiles) character file.

Game seed: 18244363255331387700

2270 Kold the Destroyer (level 9, -10/62 HPs)
             Began as a Black Draconian Conjurer on May 28, 2021.
             Was an Initiate of Vehumet.
             Mangled by a two-headed ogre
             ... wielding a +0 giant club
              (17 damage)
             ... on level 6 of the Dungeon.
             The game lasted 00:12:06 (8067 turns).

Kold the Destroyer (Black Draconian Conjurer)       Turns: 8067, Time: 00:12:06

Health: -10/62     AC:  8    Str:  9    XL:     9   Next: 16%
Magic:  2/20       EV: 20    Int: 23    God:    Vehumet [......]
Gold:   290        SH:  0    Dex:  9    Spells: 11/23 levels left

rFire    + . .     SeeInvis .   i - staff of fire
rCold    . . .     Faith    .   (no shield)
rNeg     . . .     Spirit   .   (armour unavailable)
rPois    .         Reflect  .   (helmet restricted)
rElec    +         Harm     .   b - +0 cloak
rCorr    .         Rampage  .   (no gloves)
Will     .....                  (no boots)
Stlth    ++........             (no amulet)
HPRegen  0.20/turn              a - +4 ring of evasion
MPRegen  0.17/turn              o - +4 ring of evasion

@: no status effects
A: breathe lightning, AC +7, unfitting armour, electricity resistance,
cold-blooded
a: Breathe Lightning, Renounce Religion


You were on level 6 of the Dungeon.
You worshipped Vehumet.
Vehumet was noncommittal.
You visited 2 branches of the dungeon, and saw 8 of its levels.

You collected 360 gold pieces.
You spent 70 gold pieces at shops.

Inventory:

Hand Weapons
 q - a +2 short sword of holy wrath
 r - a +3 flail of holy wrath
Armour
 b - a +0 cloak (worn)
 c - a +0 buckler
Magical Staves
 i - a staff of fire (weapon)
Jewellery
 a - a +4 ring of evasion (left hand)
 k - a ring of fire
 o - a +4 ring of evasion (right hand)
 p - a ring of resist corrosion
Scrolls
 e - 10 scrolls of identify {unknown}
 f - a scroll of fog {unknown}
 h - a scroll of summoning
 l - a scroll of enchant armour {unknown}
 m - a scroll of immolation {unknown}
 n - a scroll of enchant weapon {unknown}
Potions
 g - a potion of heal wounds
 j - a potion of attraction


   Skills:
 - Level 2.0 Dodging
 - Level 2.0 Stealth
 + Level 7.8 Spellcasting
 + Level 9.3 Conjurations
 - Level 3.0 Translocations


You had 11 spell levels left.
You knew the following spells:

 Your Spells              Type           Power      Damage    Failure   Level
a - Magic Dart            Conj           100%       1d8       1%          1
b - Searing Ray           Conj           100%       3d7       1%          2
c - Iskenderun's Mystic   Conj/Tloc      37%        2d9       5%          4
d - Fireball              Conj/Fire      22%        3d10      28%         5

Your spell library contained the following spells:

 Spells                   Type           Power      Damage    Failure   Level
 Foxfire                  Conj/Fire      100%       2x1d9     1%          1
 Conjure Flame            Conj/Fire      45%        6-21      3%          3
 Dazzling Flash           Conj/Hex       60%        N/A       3%          3
 Gell's Gravitas          Tloc           11%        N/A       6%          3
 Fulminant Prism          Conj/Hex       15%        3d11      11%         4
 Sticky Flame             Conj/Fire      45%        2d6       11%         4
 Confusing Touch          Hex            9%         N/A       22%         3
 Inner Flame              Hex/Fire       13%        N/A       22%         3
 Petrify                  Tmut/Erth      9%         N/A       56%         4
 Metabolic Englaciation   Hex/Ice        4%         N/A       89%         5
 Yara's Violent Unravell  Hex/Tmut       4%         3d4       89%         5


Dungeon Overview and Level Annotations

Branches:
Dungeon (7/15)             Temple (1/1) D:6

Altars:
Ashenzari
Elyvilon
Fedhas
Gozag
Hepliaklqana
Nemelex Xobeh
Okawaru
Qazlal
Ru
Sif Muna
Trog
Vehumet
Wu Jian
Yredelemnul
Zin
The Shining One

Shops:
D:2 !


Innate Abilities, Weirdness & Mutations

You can breathe wild blasts of lightning.
Your glossy black scales are hard. (AC +7)
You cannot fit into any form of body armour.
You are resistant to electric shocks. (rElec)
You are cold-blooded and may be slowed by cold attacks.


Message History

Aim: a two-headed ogre, wielding two +0 giant clubs (severely wounded, 92% to hit)
The searing ray misses the two-headed ogre. (Press . to maintain the ray.)
The searing ray hits the two-headed ogre!
The two-headed ogre is severely wounded.
The searing ray hits the two-headed ogre!
The two-headed ogre is almost dead.
The two-headed ogre hits you with a +0 giant club!!
The two-headed ogre hits you but does no damage.
You barely miss the two-headed ogre.
The two-headed ogre is almost dead.
You hit the two-headed ogre but do no damage.
The two-headed ogre is almost dead.
The two-headed ogre hits you with a +0 giant club!
* * * LOW HITPOINT WARNING * * *
The two-headed ogre hits you with a +0 giant club!
* * * LOW HITPOINT WARNING * * *
Your extra speed is starting to run out.
There is an open door here.
Casting: Searing Ray (safe; 1% risk of failure)
Confirm with . or Enter, or press ? or * to list all spells.
Aiming: Magic Dart (safe; 1% risk of failure)
Press: ? - help, Shift-Dir - straight line, f/p - two-headed ogre
Aim: a two-headed ogre, wielding two +0 giant clubs (almost dead, 100% to hit)
The magic dart hits the two-headed ogre but does no damage.
The two-headed ogre is almost dead.
You feel yourself slow down.
There is a stone staircase leading down here.
Casting: Magic Dart (safe; 1% risk of failure)
Confirm with . or Enter, or press ? or * to list all spells.
Aiming: Magic Dart (safe; 1% risk of failure)
Press: ? - help, Shift-Dir - straight line, f/p - two-headed ogre
Aim: a two-headed ogre, wielding two +0 giant clubs (almost dead, 100% to hit)
The magic dart hits the two-headed ogre.
The two-headed ogre is almost dead.
As you read the scroll labelled FIFUMOGEGECS, it crumbles to dust.
Wisps of shadow whirl around you...
It was a scroll of summoning.
The two-headed ogre closely misses you.
The two-headed ogre hits you with a +0 giant club!
You die...

.#.##.#######.#.(# #......#
#.... .#........#
#....###......# #....
..........# #..#..........#
##### #.........#
#o............# ..........#
#oo........####
#.........###).........#
##.#....(......oo#.#####
##.#.######....oo#.##########
...#.# ##.##O@.o.........#
.[##.# #.#####.##.......#
.....# #.# #.##.....(.#
#.#### ##O### #..........#
...#<######....# ############
..........'....#
.....(.####....# .......#
###### .......#


You could see a two-headed ogre (ally target), 2 friendly orc priests and 6
friendly orcs.

Vanquished Creatures
  Edmund (D:6)
  3 sky beasts
  A black bear (D:4)
  5 ogres
  A centaur (D:6)
  2 phantoms
  A kobold brigand (D:6)
  Blork the orc (D:6)
  A bullfrog (D:6)
  A scorpion (D:5)
  A water moccasin skeleton (D:5)
  7 wights (D:6)
  A centaur zombie (D:4)
  3 jellies
  A hound (D:4)
  Crazy Yiuf (D:6)
  An orc priest (D:5)
  2 centaur skeletons
  2 iguanas (D:6)
  2 orc wizards
  A hound zombie (D:5)
  5 gnolls
  5 adders
  A dart slug (D:1)
  3 worms
  17 orcs
  8 endoplasms
  2 giant cockroaches
  4 goblins
  3 hobgoblins (D:1)
  4 jackals (D:2)
  7 kobolds
  5 ball pythons
  5 bats
  6 frilled lizards
  5 rats
119 creatures vanquished.

Notes
Turn   | Place    | Note
-------+----------+-------------------------------------------
     0 | D:1      | Kold the Draconian Conjurer began the quest for the Orb.
     0 | D:1      | Reached XP level 1. HP: 14/14 MP: 3/3
   414 | D:1      | Reached XP level 2. HP: 20/20 MP: 1/5
   971 | D:1      | Reached XP level 3. HP: 26/26 MP: 2/6
  1083 | D:1      | Found a faded altar of an unknown god.
  2082 | D:2      | Learned a level 2 spell: Searing Ray
  2336 | D:2      | Found Joankam's Distillery.
  2344 | D:2      | Bought a potion of heal wounds for 70 gold pieces
  2722 | D:3      | Reached XP level 4. HP: 33/33 MP: 0/8
  3942 | D:4      | Noticed a phantom
  3948 | D:4      | Killed a phantom
  3949 | D:4      | Reached skill level 5 in Conjurations
  3949 | D:4      | Reached XP level 5. HP: 38/38 MP: 1/10
  4127 | D:4      | Noticed a black bear
  4265 | D:4      | Killed a black bear
  4266 | D:4      | Reached XP level 6. HP: 45/45 MP: 6/12
  4271 | D:4      | Learned a level 4 spell: Iskenderun's Mystic Blast
  4277 | D:4      | Learned a level 5 spell: Fireball
  4786 | D:5      | Entered Level 5 of the Dungeon
  4797 | D:5      | Reached skill level 6 in Conjurations
  4797 | D:5      | Reached skill level 1 in Translocations
  4913 | D:5      | Found a glowing silver altar of Zin.
  4914 | D:5      | Found a white marble altar of Elyvilon.
  4915 | D:5      | Found a broken altar of Ashenzari.
  4936 | D:5      | Your scales start taking on a glossy black colour.
  4936 | D:5      | Reached XP level 7. HP: 44/50 MP: 0/14
  4936 | D:5      | Gained mutation: You are resistant to electric shocks.
                  | (rElec) [Black Draconian growth]
  5175 | D:5      | Reached skill level 5 in Spellcasting
  5238 | D:5      | Found an opulent altar of Gozag.
  5870 | D:6      | Reached skill level 7 in Conjurations
  5890 | D:6      | Reached XP level 8. HP: 26/57 MP: 1/16
  6245 | D:6      | Reached skill level 8 in Conjurations
  6280 | D:6      | Found a sparkling altar of Nemelex Xobeh.
  6336 | D:6      | Noticed Edmund
  6345 | D:6      | Killed Edmund
  6578 | D:6      | Found a bloodstained altar of Trog.
  6893 | D:6      | Found a staircase to the Ecumenical Temple.
  6917 | Temple   | Entered the Ecumenical Temple
  7060 | Temple   | Became a worshipper of Vehumet
  7087 | D:6      | Noticed Blork the orc
  7237 | D:6      | Killed Blork the orc
  7238 | D:6      | Reached skill level 9 in Conjurations
  7337 | D:6      | Found a runed translucent door.
  7338 | D:6      | Noticed Crazy Yiuf
  7352 | D:6      | Killed Crazy Yiuf
  7353 | D:6      | Reached XP level 9. HP: 47/62 MP: 0/20
  7726 | D:6      | Found a shimmering blue altar of Sif Muna.
  7976 | D:7      | Noticed a two-headed ogre
  8044 | D:6      | HP: 3/62 [two-headed ogre/+0 giant club (11)]
  8067 | D:6      | Mangled by a two-headed ogre

Illustrated notes

Levels and vault maps discovered:
D:1:      psy_arrival_whirlpool, layout_loops_corners,
          hellmonk_ecumenical_altar_prayer_group
D:2:      layout_loops_ring, serial_shops, shop
D:3:      layout_basic, st_stairs_6
D:4:      layout_layer_cave, grunt_decor_clamped
D:5:      layout_rooms, nicolae_overflow_quartered_altars
D:6:      layout_basic, lemuel_blue_sif_altar, kennysheep_mini_moat,
          nemelex_dance_club_becter, minmay_temple_entry_sparse_star,
          uniq_blork_the_orc, uniq_crazy_yiuf_cottage, uniq_edmund
D:7:      layout_loops_ring, minitemple, gammafunk_ghost_cemetery,
          bh_walls_and_bars
Temple:   minmay_temple_curvy_loop

Skill      XL: |  1  2  3  4  5  6  7  8 |
---------------+-------------------------+-----
Dodging        | 2 |  2.0
Stealth        | 2 |  2.0
Spellcasting   | 3 4 5 7 |  7.8
Conjurations   | 5 6 7 9 |  9.3
Translocations | 2 3 |  3.0

Action                   |  1- 3 |  4- 6 |  7- 9 || total
-------------------------+-------+-------+-------++-------
Melee: Unarmed           |     6 |       |       ||     6
       Tailslap          |     4 |       |     3 ||     7
       Dagger            |    27 |       |       ||    27
       Whip              |       |     8 |       ||     8
       Short sword       |       |       |    26 ||    26
       Staff             |       |       |    26 ||    26
 Cast: Magic Dart        |    85 |    54 |   100 ||   239
       Searing Ray       |       |     5 |    33 ||    38
       Iskenderun's Myst |       |       |     8 ||     8
 Abil: Breathe Lightning |       |       |     2 ||     2
  Use: Potion            |       |       |     5 ||     5
       Scroll            |       |       |     1 ||     1
Armor: Skin              |    10 |    10 |    26 ||    46
Dodge: Dodged            |    30 |    22 |    94 ||   146

Table legend: (Time is in decaauts)
 A = Elapsed time spent in this place.
 B = Non-inter-level travel time spent in this place.
 C = Inter-level travel time spent in this place.
 D = Time resting spent in this place.
 E = Time spent auto-exploring this place.
 F = Levels seen in this place.
 G = Mean time per level.
                   A        B        C        D        E       F      G
               +--------+--------+--------+--------+--------+-----+--------+
         Total |   8068 |   7586 |    482 |    993 |   5774 |   8 | 1008.5 |
       Dungeon |   7913 |   7453 |    460 |    993 |   5642 |   7 | 1130.4 |
        Temple |    154 |    133 |     21 |      0 |    132 |   1 |  154.0 |
               +--------+--------+--------+--------+--------+-----+--------+

Top non-repeatable levels by time:
     D:6: 1883 daAuts
     D:1: 1751 daAuts
     D:4: 1281 daAuts
     D:5: 1169 daAuts
     D:3: 886 daAuts
     D:2: 875 daAuts
  Temple: 154 daAuts
     D:7: 66 daAuts
